[Event "*** SCC Grand Prix: Titled Tuesday Blitz"]
[Site "Chess.com"]
[Date "2020.07.07"]
[Round "6"]
[White "CzechmVIII"]
[Black "ChessArchitect64"]
[Result "1/2-1/2"]
[WhiteElo "2186"]
[BlackElo "1876"]
[TimeControl "180+1"]
[EndTime "11:07:26 PDT"]
[Termination "Game drawn - insufficient material"]

1. e4 c5 2. Nf3 d6 3. Nc3 Nc6 4. d4 cxd4 5. Nxd4 Nf6 6. Bc4 e6 7. Be3 a6 8. Qe2 Qc7 9. O-O-O Na5 10. Bb3 b5 11. Kb1 Bb7 12. f3 Rc8 13. g4 Nd7 14.
Bg5 Nxb3 15. cxb3 h6 16. Bh4 Be7 17. Bxe7 Kxe7 18. Rc1 Qb6 19. Rhd1 Rhd8 20. b4 Kf8 21. h4 d5 22. exd5 Bxd5 23. Nxd5 Rxc1+ 24. Kxc1 exd5 25. Nf5 Rc8+ 26. Kb1 Nf6 27. g5 Qe6 28. Qxe6 fxe6 29. gxf6 exf5 30. fxg7+ Kxg7 31. Rxd5 Rc6 32. Rxf5 Rf6 33.
Rxf6 Kxf6 34. Kc2 Kf5 35. Kd3 Kf4 36. Ke2 Kg3 37. Ke3 Kxh4 38. f4 Kg4 39. Ke4 h5 40.
f5 h4 41. f6 h3 42. f7 h2 43. f8=Q h1=Q+ 44. Kd4 Qd1+ 45. Kc5 Qc2+ 46. Kb6 Qxb2 47. Qg8+ Kf4 48. Qf7+ Ke4 49. Qe6+ Kd3 50. Qd5+ Ke3 51. Qe6+ Kd3 52. Qf5+ Ke3 53. Qg5+ Kd3 54. Qg3+ Ke4 55.
Qg4+ Kd5 56. Qd7+ Ke4 57. Qe7+ Kd5 58. Qf7+ Ke4 59. Qe7+ Kd5 60. Kxa6 Qxa2+ 61. Kxb5 Qc4+ 62. Kb6 Qc6+ 63. Ka7 Qa4+ 64. Kb8 Qb5+ 65. Qb7+ Kc4 66. Qxb5+ Kxb5 67. Kc7 Kxb4 1/2-1/2

[Event "*** SCC Grand Prix: Titled Tuesday Blitz"]
[Site "Chess.com"]
[Date "2020.07.07"]
[Round "6"]
[White "Ginger_GM"]
[Black "Srisshhhtea"]
[Result "1-0"]
[WhiteElo "2668"]
[BlackElo "2496"]
[TimeControl "180+1"]
[EndTime "11:07:27 PDT"]
[Termination "Ginger_GM won on time"]

1. d4 Nf6 2. c4 c5 3. d5 b5 4.
cxb5 a6 5. Nc3 g6 6. e4 d6 7.
a4 Bg7 8. Bd2 O-O 9. Nf3 Bg4 10.
Be2 axb5 11. axb5 Nbd7 12. O-O Qb6 13. Qc2 Rfb8 14. Bf4 Ne8 15. h3 Bxf3 16. Bxf3 Ne5 17.
Be2 Nc7 18. b3 e6 19. Ra4 exd5 20. exd5 Re8 21. Rfa1 Qb7 22. Bc4 Rxa4 23. Rxa4 Na8 24. Ne4 Qb8 25. Ra6 Nb6 26. Bg5 Ned7 27. Kh2 Be5+ 28. g3 Bd4 29. Kg2 f5 30. Nd2 Qb7 31. Nf3 Bg7 32. Qd2 Ne5 33. Nxe5 Rxe5 34. Kh2 Re8 35.
Bf4 Be5 36. Bxe5 Rxe5 37. h4 Re7 38. Qa5 Nc8 39. Qd8+ Kg7 40. Rc6 Na7 41. Rxd6 Rf7 42. h5 Nxb5 43. Qb6 Nxd6 44. Qxd6 gxh5 45. Qxc5 Qc7 46.
Qd4+ Kf8 47. d6 Qd7 48. Bxf7 Kxf7 49. b4 Kg6 50. Qe5 Qc6 51. Qe6+ Kg7 52. Qe7+ Kg6 53. d7 Qf3 54. Qe8+ Kg7 55. Qe3 1-0

[Event "*** SCC Grand Prix: Titled Tuesday Blitz"]
[Site "Chess.com"]
[Date "2020.07.07"]
[Round "6"]
[White "TimKett"]
[Black "PauloFanha"]
[Result "0-1"]
[WhiteElo "2137"]
[BlackElo "2000"]
[TimeControl "180+1"]
[EndTime "11:07:27 PDT"]
[Termination "PauloFanha won by checkmate"]

1. e4 d5 2. exd5 Qxd5 3. Nc3 Qd6 4. d4 Nf6 5. Nf3 c6 6. Be3 Bg4 7. h3 Bh5 8. g4 Bg6 9. Ne5 Nbd7 10. f4 Nd5 11.
Qd2 Nxc3 12. Qxc3 Be4 13. Rh2 e6 14. O-O-O Nxe5 15. dxe5 Qb4 16. Qxb4 Bxb4 17. c3 Be7 18. Rhd2 Bf3 19. Be2 Bxe2 20. Rxe2 b6 21. Red2 Rd8 22. Rxd8+ Bxd8 23. Kc2 Bc7 24. Kd3 Ke7 25. Ke4 h5 26. f5 hxg4 27. hxg4 exf5+ 28. Kxf5 g6+ 29. Ke4 Rh4 30.
Rg1 Ke6 31. Bg5 f5+ 32. Kf4 Rxg4+ 33. Rxg4 fxg4 34. Bf6 g3 35. Kxg3 Bxe5+ 36. Bxe5 Kxe5 37. Kf3 Kd5 38. b3 c5 39. Kf4 c4 40. b4 b5 41. a3 a6 42. Kf3 Ke5 43. Ke3 g5 44. Kf3 g4+ 45. Ke3 g3 46. Kf3 g2 47. Kxg2 Ke4 48. Kg3 Kd3 49. Kf4 Kxc3 50. Ke5 Kb3 51. Kd5 Kxa3 52. Kc5 Kb3 53. Kd5 Kxb4 54. Ke5 c3 55. Ke4 c2 56. Kf5 c1=Q 57. Ke5 Qc5+ 58. Ke4 Kc4 59. Kf4 Kd3 60. Kf3 Qf5+ 61. Kg3 Ke3 62.
Kg2 Qg5+ 63. Kh3 Kf3 64. Kh2 Qg2# 0-1

[Event "*** SCC Grand Prix: Titled Tuesday Blitz"]
[Site "Chess.com"]
[Date "2020.07.07"]
[Round "6"]
[White "Oleksandr_Bortnyk"]
[Black "Grandelicious"]
[Result "1-0"]
[WhiteElo "2931"]
[BlackElo "2788"]
[TimeControl "180+1"]
[EndTime "11:07:28 PDT"]
[Termination "Oleksandr_Bortnyk won by resignation"]

1. d4 Nf6 2. Bf4 c5 3. e3 d5 4.
Nc3 cxd4 5. exd4 a6 6. Nf3 Bg4 7. h3 Bxf3 8. Qxf3 Nc6 9. O-O-O e6 10. g4 Bb4 11. g5 Bxc3 12. Qxc3 Ne4 13. Qe3 O-O 14.
Bd3 Nb4 15. Bxe4 dxe4 16. a3 Nd5 17. Qxe4 b5 18. h4 Qa5 19. Bd2 Qa4 20. h5 b4 21.
Rh3 Rac8 22. g6 Rc6 23. gxh7+ Kh8 24. h6 g6 25. Kb1 Rfc8 26. Rc1 Kxh7 27. Rf3 R8c7 28.
Bf4 Rb7 29. Rb3 a5 30. Bd2 Qb5 31. Rg1 Rbc7 32. Qe5 f6 33. Qg3 Ne7 34. Qf3 Nf5 35. Qd3 Qxd3 36. Rxd3 bxa3 37. Bxa5 Rb7 38. b3 a2+ 39.
Kb2 Ra7 40. Bc3 Nd6 41. Ra1 Nb5 42. Bb4 Rd7 43. c3 e5 44. d5 Rc8 45. Rxa2 e4 46. Rd2 f5 47. c4 Nd6 48. Bxd6 Rxd6 49. Kc3 Kxh6 50. Kd4 Rb6 51. Rab2 Kg5 52. b4 Kf4 53. c5 Rbb8 54. d6 Rd8 55. Kd5 Kf3 56. b5 f4 57.
c6 e3 58. fxe3 fxe3 59. Rh2 e2 60. Rhxe2 Rxb5+ 61. Rxb5 Kxe2 62. c7 Rg8 63. d7 1-0

[Event "*** SCC Grand Prix: Titled Tuesday Blitz"]
[Site "Chess.com"]
[Date "2020.07.07"]
[Round "6"]
[White "Fusikk"]
[Black "Region_07"]
[Result "1-0"]
[WhiteElo "2548"]
[BlackElo "2350"]
[TimeControl "180+1"]
[EndTime "11:07:28 PDT"]
[Termination "Fusikk won on time"]

1. e4 Nc6 2. Nf3 f5 3. exf5 d5 4. d4 Bxf5 5. Bd3 Bg4 6. c3 Nf6 7. h3 Bxf3 8. Qxf3 e5 9. dxe5 Nxe5 10. Qe2 Qe7 11. Bc2 O-O-O 12. Bf4 Re8 13. O-O g6 14. Nd2 Bg7 15. Rfe1 Nh5 16. Bh2 Rhf8 17. f4 Nxf4 18. Qe3 Qg5 19. Bxf4 Qxf4 20. Qxf4 Rxf4 21. Nb3 Ref8 22.
Re2 Nc4 23. Bd3 Nxb2 24. Rxb2 Bxc3 25. Rab1 Bxb2 26. Rxb2 b6 27. Ba6+ Kd7 28. Rd2 Kd6 29.
Nd4 c5 30. Nb5+ Ke6 31. Nc7+ Kf7 32. Bb7 Rd4 33. Rf2+ Ke7 34. Rxf8 Kxf8 35. Ne6+ Ke7 36. Nxd4 cxd4 37. Bxd5 Kd6 38. Bb3 Kc5 39. Kf2 Kb4 40.
Ke2 Kc3 41. h4 d3+ 42. Kd1 b5 43. g4 a5 44. Bg8 h6 45. g5 hxg5 46. hxg5 a4 47.
Bf7 b4 48. Be6 b3 49. axb3 axb3 50. Kc1 d2+ 51. Kd1 b2 52. Ba2 Kd3 53. Bb1+ Ke3 54.
Bxg6 1-0

[Event "*** SCC Grand Prix: Titled Tuesday Blitz"]
[Site "Chess.com"]
[Date "2020.07.07"]
[Round "6"]
[White "dpopadic"]
[Black "KaspMagAlpha"]
[Result "0-1"]
[WhiteElo "2383"]
[BlackElo "2246"]
[TimeControl "180+1"]
[EndTime "11:07:29 PDT"]
[Termination "KaspMagAlpha won on time"]

1. e4 c5 2. Nc3 a6 3. g4 b5 4. Bg2 Bb7 5. d3 e6 6. Nh3 d5 7. O-O g6 8. Qe2 b4 9. Nd1 Bg7 10. c3 a5 11. Ne3 Ne7 12. Bd2 O-O 13. Rfd1 Nd7 14. f4 Qb6 15. Kh1 Rad8 16. Be1 Rfe8 17. Bf2 Qc7 18. Rac1 Qb8 19. Bh4 f6 20. Nf2 Qxf4 21. Bg3 Qh6 22. cxb4 axb4 23. Bd6 Rc8 24. a3 bxa3 25. bxa3 Bf8 26. Bg3 Qg7 27. Rb1 Ba8 28. Nh3 dxe4 29. dxe4 Ne5 30. Nf4 N7c6 31. Nc4 Nd4 32.
Qa2 Nxg4 33. Nb6 Ne3 34. Nxc8 Nxd1 35. Rxd1 g5 36. Ne2 Qb7 37. Nxd4 cxd4 38. Rxd4 Qxc8 39. Rd1 Bc6 40. Qf2 Qb7 41. Qxf6 h6 42. Be5 Bg7 43. Qg6 Qf7 44. Qxg7+ Qxg7 45. Bxg7 Kxg7 46. e5 Bxg2+ 47. Kxg2 Ra8 48. Rd3 Kg6 49. Rf3 Ra4 50. Rf6+ Kh5 51. Rxe6 Rxa3 52. Rf6 Ra2+ 53. Kg3 Ra3+ 54.
Kf2 Ra2+ 55. Kg3 Ra3+ 56. Kf2 Ra5 57. e6 Re5 58. Kf3 Re1 59. Kf2 Re5 60. Kf3 g4+ 61.
Kf4 Re1 62. Kg3 Re3+ 63. Kf4 Re1 0-1

[Event "*** SCC Grand Prix: Titled Tuesday Blitz"]
[Site "Chess.com"]
[Date "2020.07.07"]
[Round "6"]
[White "Nf3c5"]
[Black "Barmen_EV"]
[Result "1-0"]
[WhiteElo "2621"]
[BlackElo "2463"]
[TimeControl "180+1"]
[EndTime "11:07:30 PDT"]
[Termination "Nf3c5 won on time"]

1. e4 c5 2. b3 g6 3. Bb2 Nf6 4.
e5 Nh5 5. Qf3 Nc6 6. Bc4 f6 7.
exf6 Nxf6 8. Nc3 Bg7 9. O-O-O Ne5 10. Qe2 Nxc4 11. Qxc4 b6 12. d4 cxd4 13. Rxd4 Bb7 14. Nf3 Rc8 15. Qd3 O-O 16. Re1 d6 17. Rh4 Qc7 18.
Ng5 Qd7 19. Ne6 Rf7 20. Nxg7 Rxg7 21. f3 Qf5 22. Qd2 Rf7 23. Rd4 Nd7 24. Nd5 Bxd5 25. Rxd5 Rxc2+ 26. Qxc2 Qxd5 27. Qc8+ Nf8 28. Qc3 e5 29. Rd1 Qe6 30. Rd3 Nd7 31. Qc8+ Rf8 32. Qc6 Rf6 33. Ba3 Nc5 34. Rd2 Kg7 35. b4 Nd7 36. Bb2 g5 37. a3 Kg6 38. Qc2+ Qf5 39.
Qc6 Qe6 40. Kb1 Qf5+ 41. Ka1 Qe6 42. Qe4+ Qf5 43. Qc6 Qe6 44. g4 h5 45. Qe4+ Kg7 46. h3 h4 47. Rc2 Nf8 48. Rc7+ Rf7 49. Rc6 Rd7 50. Qd3 Kf7 51. Qe4 1-0

[Event "*** SCC Grand Prix: Titled Tuesday Blitz"]
[Site "Chess.com"]
[Date "2020.07.07"]
[Round "6"]
[White "Forantes"]
[Black "Escanor89"]
[Result "1-0"]
[WhiteElo "2362"]
[BlackElo "2538"]
[TimeControl "180+1"]
[EndTime "11:07:30 PDT"]
[Termination "Forantes won on time"]

1. Nf3 Nf6 2. g3 g6 3. Bg2 Bg7 4. O-O O-O 5. d4 d6 6. c4 Nc6 7.
Nc3 e5 8. dxe5 dxe5 9. Bg5 Be6 10. Nd5 Bxd5 11. cxd5 Qxd5 12. Qxd5 Nxd5 13. Nxe5 Nxe5 14.
Bxd5 c6 15. Bb3 h6 16. Be7 Rfe8 17. Bb4 Nd7 18. Rad1 Nb6 19. Rd2 a5 20. Bc5 Ra6 21. a4 Bf8 22. Bd4 Bb4 23. Rc2 Nd7 24. Rd1 Nf8 25.
f3 Raa8 26. Bb6 Re7 27. e4 Rae8 28. Kf2 Nd7 29. Be3 Ne5 30. Bxh6 Kh7 31. Bg5 Rc7 32.
Bf6 Nd7 33. Bd4 Kg8 34. Be3 Ne5 35. Bb6 Rcc8 36. f4 Ng4+ 37. Kf3 Nf6 38. e5 Nd5 39. Bxd5 cxd5 40. Rxc8 Rxc8 41. Rxd5 Rc2 42. Bd8 Rxb2 43.
Bf6 Rd2 44. Rb5 Rd3+ 45. Ke4 Rd7 46. h4 Kf8 47. g4 Rc7 48. h5 gxh5 49. gxh5 Kg8 50.
Kf5 Kh7 51. Rd5 Rc8 52. Rd7 Kg8 53. Rxb7 1-0

[Event "*** SCC Grand Prix: Titled Tuesday Blitz"]
[Site "Chess.com"]
[Date "2020.07.07"]
[Round "6"]
[White "amatatanav"]
[Black "The_Machine04"]
[Result "1-0"]
[WhiteElo "2428"]
[BlackElo "2275"]
[TimeControl "180+1"]
[EndTime "11:07:30 PDT"]
[Termination "amatatanav won on time"]

1. e4 d6 2. d4 Nf6 3. Nc3 e5 4.
dxe5 dxe5 5. Qxd8+ Kxd8 6. Bg5 Be6 7. O-O-O+ Nd7 8. f4 exf4 9. Nf3 h6 10. Bxf4 g5 11.
Bg3 a6 12. Nd4 Nh5 13. Nxe6+ fxe6 14. Be5 Bg7 15. Bxg7 Nxg7 16. e5 Ke7 17. Re1 Nf5 18.
g4 Nh4 19. Bd3 Rhf8 20. Re2 Nc5 21. Ne4 Nxe4 22. Bxe4 c6 23. Kd2 Rad8+ 24. Ke3 Rf4 25. h3 Rff8 26. c3 Rd7 27. a4 a5 28. Ra1 Rdd8 29.
Ra3 Rg8 30. Rb3 Rd7 31. Rb6 Ng6 32. Bxg6 Rxg6 33. Rd2 Rc7 34. Rd4 Rg8 35. Rc4 Rd8 36. Rc5 Rd5 37. Rxd5 exd5 38. b4 axb4 39. cxb4 Ke6 40.
Kd4 Rf7 41. a5 Rf4+ 42. Ke3 Rf7 43. Kd4 Rf4+ 44. Kd3 Re4 45. Rxb7 Kxe5 46. a6 Re1 47. Rb6 Kd6 48. b5 Ra1 49. Rxc6+ Kd7 50. Rxh6 Ra3+ 51. Kd4 Rb3 52. Kc5 d4 53. Rd6+ Kc7 54. Rxd4 Rxh3 55. b6+ Kc8 56. b7+ Kc7 57. Rd7+ 1-0

[Event "*** SCC Grand Prix: Titled Tuesday Blitz"]
[Site "Chess.com"]
[Date "2020.07.07"]
[Round "6"]
[White "viditchess"]
[Black "Guenplen"]
[Result "1/2-1/2"]
[WhiteElo "3016"]
[BlackElo "2905"]
[TimeControl "180+1"]
[EndTime "11:07:32 PDT"]
[Termination "Game drawn by stalemate"]

1. d4 d5 2. c4 e6 3. Nf3 Nf6 4. g3 Be7 5. Bg2 O-O 6. O-O Nbd7 7. Qc2 c6 8. Rd1 b6 9. Nc3 Ba6 10. cxd5 cxd5 11. Bf4 b5 12. a3 Rc8 13. Qb3 b4 14.
axb4 Bc4 15. Qc2 a6 16. b3 Bb5 17. Qb2 Bxb4 18. Nxb5 axb5 19. Rdc1 Ne4 20. Rxc8 Qxc8 21.
Rc1 Qa6 22. Qc2 h6 23. Qd3 Ra8 24. Bf1 Ba3 25. Rc7 Ndf6 26. Ne5 Bd6 27. Rc1 Qa3 28.
f3 Bxe5 29. dxe5 Nc5 30. Qxb5 Nfd7 31. b4 g5 32. Bd2 Qb2 33. Rd1 Qc2 34. bxc5 Qxd1 35.
Qxd7 Ra1 36. Kf2 Qxf1+ 37. Ke3 Qg1+ 38. Kd3 Ra3+ 39. Bc3 Qd1+ 40. Ke3 Rxc3+ 41. Kf2 Qd4+ 42. Kg2 Qxc5 43. Qd8+ Qf8 44. Qf6 Rc2 45. Kf2 Qg7 46.
Qd8+ Qf8 47. Qf6 Qc5+ 48. Kf1 Qe3 49. Qd8+ Kh7 50. Kg2 Qxe2+ 51. Kh3 Qxf3 52. Qg8+ Kxg8 1/2-1/2

[Event "*** SCC Grand Prix: Titled Tuesday Blitz"]
[Site "Chess.com"]
[Date "2020.07.07"]
[Round "6"]
[White "swimmerchess"]
[Black "NewBornNow"]
[Result "1/2-1/2"]
[WhiteElo "2811"]
[BlackElo "2672"]
[TimeControl "180+1"]
[EndTime "11:07:32 PDT"]
[Termination "Game drawn - insufficient material"]

1. e4 d6 2. d4 Nf6 3. Nc3 e5 4.
Nf3 Nbd7 5. g4 Nxg4 6. Rg1 Ngf6 7. Bc4 h6 8. Be3 c6 9. Qd3 b5 10. Bb3 Qa5 11. dxe5 dxe5 12. O-O-O Ba6 13. Ne2 b4 14. Qd2 O-O-O 15. Ng3 c5 16. Bxf7 c4 17. Kb1 Bc5 18. Nf5 Nxe4 19. Qd5 Bb7 20. Qxc4 Kb8 21. Bd5 Nb6 22. Qxe4 Bxd5 23. Qxe5+ Ka8 24. b3 Rhe8 25.
Qf4 g5 26. Qg3 Be4 27. Rxd8+ Rxd8 28. Qe5 Bxf3 29. Qxc5 Qxc5 30. Bxc5 Nd5 31. Ne3 Nxe3 32. fxe3 Rd2 33. h3 Be4 34. Bxb4 Rxc2 35. Ka1 Rh2 36.
Rg3 Bg2 37. Bf8 Bxh3 38. Bxh6 g4 39. Bf4 Rg2 40. Rxg2 Bxg2 41. Kb2 Kb7 42. Kc3 Kc6 43. Kd4 Bd5 44. e4 Bg8 45. Ke5 a6 46. Kf5 Bh7+ 47. Ke5 Bg6 48. Kd4 Bh7 49. Bg3 Bg6 50. Ke5 Be8 51. Kf6 Kc5 52. e5 Kb4 53. e6 Ka3 54. Ke7 Bb5 55. Kf8 Kxa2 56. b4 Kb3 57. Bd6 g3 58.
Bxg3 Kxb4 59. Bc7 Kc4 60. e7 Kc5 61. e8=Q Bxe8 62. Kxe8 Kb5 63. Kd7 a5 64. Bxa5 1/2-1/2

[Event "*** SCC Grand Prix: Titled Tuesday Blitz"]
[Site "Chess.com"]
[Date "2020.07.07"]
[Round "6"]
[White "Gabrielian_Artur"]
[Black "swisspower96"]
[Result "1-0"]
[WhiteElo "2770"]
[BlackElo "2625"]
[TimeControl "180+1"]
[EndTime "11:07:32 PDT"]
[Termination "Gabrielian_Artur won by resignation"]

1. e4 c5 2. Nc3 Nc6 3. Bb5 Nd4 4. Bc4 a6 5. Nce2 b5 6. Bxf7+ Kxf7 7. Nxd4 Nf6 8.
Ndf3 d6 9. d3 g6 10. Ne2 Bg7 11. Ng5+ Kg8 12. c3 e6 13. f4 Ra7 14. O-O Re7 15.
a4 h6 16. Nf3 Kh7 17. axb5 axb5 18. Ra8 Qb6 19. Kh1 Qb7 20. Ra1 Rf8 21. Ng3 c4 22.
h3 Bd7 23. Be3 Bc6 24. Ra7 Qxa7 25. Bxa7 Rxa7 26. dxc4 bxc4 27. Nd4 Bd7 28. Qe2 Rc7 29. e5 dxe5 30. fxe5 Nd5 31. Rxf8 Bxf8 32. Ne4 Bg7 33.
Nd6 Nf4 34. Qe3 Nd5 35. Qg3 g5 36. Ne4 Nf4 37. Nf6+ Bxf6 38. exf6 Kg6 39. Qe3 Kxf6 40. Nf3 Rb7 41. Qe5+ Kf7 42. Qh8 Ke7 43. Qxh6 Nd3 44.
Qxg5+ Kd6 45. Qa5 Rxb2 46. Qa3+ Kd5 47. Qa8+ Bc6 48. Qd8+ Kc5 49. Qf8+ Kb5 50. Nd4+ Kb6 51. Qd8+ Kb7 52. Qe7+ Kb6 53. Nxc6 Kxc6 54. Qxe6+ Kc5 55.
Qf5+ Kc6 56. Qf6+ Kc5 57. Qd4+ Kb5 58. Qd5+ Nc5 59. h4 Rc2 60. Qe5 Kc6 61. Qf6+ Kb5 62.
h5 Rc1+ 63. Kh2 Na4 64. Qe5+ Kc6 65. Qf6+ Kb5 66. Qg5+ Nc5 67. Qxc1 1-0

[Event "*** SCC Grand Prix: Titled Tuesday Blitz"]
[Site "Chess.com"]
[Date "2020.07.07"]
[Round "6"]
[White "GMKrikor"]
[Black "RodinMihail"]
[Result "1-0"]
[WhiteElo "2686"]
[BlackElo "2485"]
[TimeControl "180+1"]
[EndTime "11:07:32 PDT"]
[Termination "GMKrikor won by resignation"]

1. e4 e5 2. Bc4 Nc6 3. Nc3 Nf6 4. d3 Bc5 5. f4 d6 6. Nf3 Na5 7. Bb3 c6 8. fxe5 dxe5 9. Qe2 Nxb3 10. axb3 Qe7 11.
Be3 Ng4 12. Bxc5 Qxc5 13. h3 Nf6 14. Qf2 Qxf2+ 15. Kxf2 Nd7 16. b4 O-O 17. b5 cxb5 18. Nxb5 a6 19. Nd6 f6 20. b4 Rd8 21. Nc4 Nf8 22.
Nb6 Rb8 23. b5 axb5 24. Rhb1 Bd7 25. Nxd7 Rxd7 26. Rxb5 Rc8 27. Ra2 Ne6 28. Ke3 Nf4 29. Ne1 Ne6 30. Rab2 Rcc7 31. Nf3 Nf4 32. Ne1 Ne6 33.
Rd5 Nd4 34. Rxd7 Rxd7 35. c3 Ne6 36. Nf3 Rc7 37. Rb3 Nc5 38. Ra3 Re7 39. g4 g6 40.
h4 Kf7 41. Ra5 b6 42. Rb5 Re6 43. Rb1 Ke7 44. Ra1 Rc6 45. Ra7+ Nd7 46. Kd2 Kd6 47. g5 f5 48. exf5 gxf5 49. h5 Ke6 50. g6 hxg6 51. h6 Rc8 52. Ng5+ Kd6 53. h7 Ke7 54. d4 exd4 55.
cxd4 Rh8 56. d5 Kf6 57. Ne6 Ne5 58. Rb7 Nf7 59. Rxb6 Rxh7 60. Nf8+ Kg7 61. Nxh7 Kxh7 62. d6 Kg8 63. d7 Kf8 64. Re6 g5 65. Re8+ Kg7 66.
Re7 Kf6 67. Rxf7+ Ke6 68. d8=Q 1-0

[Event "*** SCC Grand Prix: Titled Tuesday Blitz"]
[Site "Chess.com"]
[Date "2020.07.07"]
[Round "6"]
[White "Irishchessman16"]
[Black "sm_sharon"]
[Result "1-0"]
[WhiteElo "2417"]
[BlackElo "2170"]
[TimeControl "180+1"]
[EndTime "11:07:35 PDT"]
[Termination "Irishchessman16 won by resignation"]

1. e4 g6 2. h4 d6 3. h5 c5 4.
hxg6 fxg6 5. Bc4 e6 6. d3 Bg7 7.
Nf3 Nc6 8. Ng5 Qe7 9. Nc3 Bd7 10.
Qg4 Nf6 11. Qh3 d5 12. Bb5 a6 13. Bxc6 bxc6 14. e5 Ng8 15. f4 Nh6 16. Nf3 Nf5 17. Ne2 h5 18. Bd2 Rb8 19. O-O-O Qd8 20. g4 hxg4 21. Qxg4 Kf7 22. Ng5+ Ke7 23. Nf3 Kf7 24.
Rdg1 Ne7 25. Ng5+ Kg8 26. Nxe6 Qc8 27. Rxh8+ Bxh8 28. f5 Bxe6 29. fxe6 Bxe5 30. c3 Qf8 31. Nf4 Qg7 32. Nxg6 Nxg6 33. Qxg6 Qxg6 34. Rxg6+ Kf8 35.
e7+ Kxe7 36. Rxc6 a5 37. Rxc5 Kd6 38. Rxa5 Rg8 39. Ra6+ Kd7 40. Be3 Rg3 41. Bd4 Bxd4 42.
cxd4 Rxd3 43. Ra4 Kc6 44. a3 Rh3 45. Rb4 Rh2 46. Kb1 Rd2 47. Ka2 Rc2 48. a4 Rh2 49.
Ka3 Rh8 50. a5 Ra8 51. Ka4 Ra7 52. Rb6+ Kc7 53. Rh6 Ra8 54. b4 Kd7 55. b5 Rc8 56.
Rh7+ Kd6 57. a6 Rc4+ 58. Ka5 Rxd4 59. a7 Rd1 60. b6 Ra1+ 61. Kb5 Rb1+ 62. Ka6 Ra1+ 63.
Kb7 d4 64. a8=Q Rxa8 65. Kxa8 d3 66. b7 d2 67. b8=Q+ Ke6 68. Qe8+ Kf5 69. Rf7+ 1-0

[Event "*** SCC Grand Prix: Titled Tuesday Blitz"]
[Site "Chess.com"]
[Date "2020.07.07"]
[Round "6"]
[White "nocnypako"]
[Black "XDPS"]
[Result "0-1"]
[WhiteElo "2582"]
[BlackElo "2723"]
[TimeControl "180+1"]
[EndTime "11:07:37 PDT"]
[Termination "XDPS won on time"]

1. d4 d5 2. c4 c6 3. Nf3 Nf6 4. Nc3 e6 5. Bg5 Nbd7 6. e3 Qa5 7. cxd5 Nxd5 8. Qd2 Bb4 9. Rc1 b6 10. Bd3 Nxc3 11. bxc3 Ba3 12. Rd1 h6 13. Bh4 Ba6 14. O-O O-O 15. e4 Rfe8 16. Bxa6 Qxa6 17. Qe3 Rac8 18.
Rfe1 Qa4 19. Nd2 c5 20. Nb1 Nf8 21. d5 exd5 22. Rxd5 c4 23. Qd2 Bc5 24. Kh1 Qc6 25.
f4 Ng6 26. Bg3 Ne7 27. Re5 Rcd8 28. Qe2 b5 29. h3 a6 30. a4 Bd6 31. axb5 axb5 32. Rh5 Ng6 33. Qf3 Bc7 34. Rd5 Rxd5 35. exd5 Rxe1+ 36. Bxe1 Qd6 37. Bg3 Nxf4 38. Nd2 Qxd5 39.
Qxd5 Nxd5 40. Bxc7 Nxc7 41. Ne4 Nd5 42. Kg1 g6 43. g4 f5 44. gxf5 gxf5 45. Nd6 Nxc3 46. Nxf5 Kh7 47. Nd6 Kg6 48. Kf2 Kf6 49. Ke3 Ke6 50.
Nc8 Nd5+ 51. Kd4 c3 52. Kd3 b4 53. Na7 b3 54. Nc6 b2 55. Kc2 Kf5 56. Nd4+ Kf4 57.
Ne2+ Kf3 58. Nd4+ Kg3 59. Nf5+ Kxh3 60. Nxh6 Ne3+ 61. Kb1 Nc4 62. Nf5 Nd2+ 63. Kc2 b1=Q+ 64. Kxc3 Qxf5 0-1

[Event "*** SCC Grand Prix: Titled Tuesday Blitz"]
[Site "Chess.com"]
[Date "2020.07.07"]
[Round "6"]
[White "IwkooO"]
[Black "Budisavljevic"]
[Result "1-0"]
[WhiteElo "2581"]
[BlackElo "2404"]
[TimeControl "180+1"]
[EndTime "11:07:38 PDT"]
[Termination "IwkooO won by resignation"]

1. e4 c5 2. Nf3 e6 3. d4 cxd4 4. Nxd4 a6 5. c4 Nf6 6. Nc3 Qc7 7. Be2 b6 8. O-O Bb7 9. Qd3 Nc6 10. Nxc6 Bxc6 11. Be3 Be7 12. Rac1 Bb7 13. f4 d6 14.
Bf3 O-O 15. b3 Nd7 16. Kh1 Rad8 17. f5 Ne5 18. Qe2 Bf6 19. Na4 Nd7 20. fxe6 fxe6 21. Bg4 Rde8 22. Bg1 Bc6 23. Nc3 Qd8 24. Qd2 Qe7 25. Na4 Bg5 26. Be3 Bxe3 27. Qxe3 Ne5 28. Be2 Bxa4 29. bxa4 Qc7 30. Qd4 Qc5 31. Qxc5 Rxf1+ 32. Bxf1 bxc5 33. Rb1 Rf8 34. Kg1 Rf4 35. Rb6 Rxe4 36.
Rxd6 Kf7 37. Rxa6 Nxc4 38. Ra7+ Kf6 39. a5 Nd2 40. Bb5 Re1+ 41. Kf2 Rb1 42. a4 Ne4+ 43. Ke3 Nc3 44. Bd3 Ra1 45. a6 Nd5+ 46. Kd2 Ra2+ 47.
Kc1 Rxa4 48. Rb7 Ra3 49. Bb5 Nc3 50. Bc4 Nd5 51. a7 Ra4 52. Bb5 Ra5 53. Bc6 Ke5 54. Rxg7 Nb6 55. Rb7 Nc4 56. Rxh7 Nb6 57. Rb7 Nc4 58. h4 Kd4 59. Rd7+ Kc3 60. a8=Q Rxa8 61. Bxa8 Nb6 62. Rd8 c4 63. h5 Kb3 64.
h6 c3 65. h7 Nc4 66. h8=Q Nb2 67. Rb8+ 1-0

[Event "*** SCC Grand Prix: Titled Tuesday Blitz"]
[Site "Chess.com"]
[Date "2020.07.07"]
[Round "6"]
[White "Roza_Idrisova"]
[Black "googlegoom"]
[Result "1/2-1/2"]
[WhiteElo "2241"]
[BlackElo "2524"]
[TimeControl "180+1"]
[EndTime "11:07:39 PDT"]
[Termination "Game drawn by stalemate"]

1. d4 d5 2. Nf3 Nf6 3. Bg5 e6 4.
Nbd2 Be7 5. e3 c5 6. c3 Nc6 7. Bd3 a6 8. a4 b6 9. O-O Bb7 10.
Ne5 Nxe5 11. dxe5 Nd7 12. Bxe7 Qxe7 13. f4 g6 14. Qe2 f6 15. exf6 Qxf6 16. e4 O-O 17. exd5 exd5 18. Rae1 Rae8 19. Qg4 Bc6 20. g3 Bxa4 21. Bxa6 Bc6 22. Bd3 Kh8 23. Ra1 Re3 24.
Bc2 Qe6 25. Qxe6 Rxe6 26. Rfe1 Rfe8 27. Rxe6 Rxe6 28. Kf2 Nf6 29. h3 d4 30. cxd4 cxd4 31. Re1 Rxe1 32. Kxe1 Nd5 33. Nb3 Ne3 34. Nxd4 Bd7 35.
h4 Kg7 36. Be4 Nc4 37. b3 Na5 38. Kd2 Kf6 39. Kc3 Bg4 40. Kb4 Bd1 41. Bd5 h6 42. Kb5 g5 43. hxg5+ hxg5 44. Kxb6 Nxb3 45. Bxb3 gxf4 46.
Bxd1 fxg3 47. Bf3 Ke5 48. Kc5 Kf4 49. Bg2 Ke3 50. Nf3 Kf2 51. Nh4 Ke3 52. Kd5 Kf4 53.
Kd4 Kg4 54. Nf3 Kf4 55. Kd3 Kg4 56. Ke3 Kf5 57. Ne1 Ke6 58. Kf4 Kd7 59. Be4 Ke6 60. Ng2 Kd6 61. Kxg3 Ke6 62. Kf4 Kf6 63. Ne3 Ke6 64. Nc4 Kf6 65. Bf5 Ke7 66. Ke5 Kf7 67. Nd6+ Ke7 68. Bg6 Kd7 69. Bf7 Ke7 70. Be6 Kf8 71. Kf6 1/2-1/2

[Event "*** SCC Grand Prix: Titled Tuesday Blitz"]
[Site "Chess.com"]
[Date "2020.07.07"]
[Round "6"]
[White "Haykoooo0o"]
[Black "Unknown_IM"]
[Result "1/2-1/2"]
[WhiteElo "2520"]
[BlackElo "2351"]
[TimeControl "180+1"]
[EndTime "11:07:39 PDT"]
[Termination "Game drawn - insufficient material"]

1. d4 d5 2. c4 c6 3. Nc3 dxc4 4. Nf3 Nf6 5. e4 b5 6. e5 Nd5 7. Be2 Bf5 8. O-O e6 9. Be3 Be7 10. Re1 O-O 11. Rc1 Nd7 12. Qd2 a6 13. a3 c5 14.
dxc5 Bxc5 15. Nxd5 exd5 16. Qxd5 Bxe3 17. fxe3 Be6 18. Qd6 Nb6 19. Rcd1 Qxd6 20. exd6 Na4 21. Rd2 Rfd8 22. Red1 c3 23. bxc3 Nxc3 24. Re1 Ne4 25. Rd4 Nxd6 26. Red1 Nb7 27. Ne5 Rxd4 28. exd4 Nd6 29.
d5 Bf5 30. Rc1 Rc8 31. Rc6 Rxc6 32. Nxc6 Kf8 33. Kf2 Be4 34. Bf3 Ke8 35. Ke3 Bxf3 36. gxf3 Nc4+ 37. Kd4 Nxa3 38. Kc5 Nc4 39. Nb8 f5 40.
Nxa6 Kd7 41. Kxb5 Ne3 42. Kc5 g5 43. Nb4 g4 44. fxg4 Nxg4 45. h3 Nf2 46. h4 f4 47. Kd4 Kd6 48. h5 h6 49. Nc2 Ng4 50. Na3 Nf6 51. Nc4+ Ke7 52. Ke5 Nd7+ 53. Kxf4 Nf6 54. Ke5 Nxh5 55. d6+ Kd7 56. Nb6+ Kd8 57. Kd5 Nf4+ 58. Kc6 Ne6 59. Nc4 h5 60. Ne5 Nd4+ 61.
Kd5 Nf5 62. Ke6 Nxd6 63. Kxd6 h4 64. Nf3 h3 65. Nh2 Ke8 66. Ke5 Kf7 67. Kf4 Kg6 68. Kg3 Kf6 69. Kxh3 1/2-1/2

[Event "*** SCC Grand Prix: Titled Tuesday Blitz"]
[Site "Chess.com"]
[Date "2020.07.07"]
[Round "6"]
[White "Fighter008"]
[Black "Ati1517"]
[Result "0-1"]
[WhiteElo "2562"]
[BlackElo "2376"]
[TimeControl "180+1"]
[EndTime "11:07:40 PDT"]
[Termination "Ati1517 won by resignation"]

1. e4 e5 2. Nf3 Nc6 3. Nc3 Nf6 4. Bb5 Bc5 5. O-O d6 6. d4 exd4 7. Nxd4 Bd7 8. Nf5 O-O 9. Bg5 a6 10. Bd3 Bxf5 11. exf5 Bd4 12. Nd5 Bxb2 13. Rb1 Be5 14. Kh1 Ne7 15. Nxf6+ Bxf6 16. Bxf6 gxf6 17. Rxb7 Kh8 18.
Qh5 Nd5 19. Qh4 Rg8 20. Bc4 Nb6 21. Bxf7 Rg7 22. Be6 Qe8 23. Qe4 Na4 24. Rb4 Nc5 25.
Qd5 Nxe6 26. fxe6 Rg5 27. Qf3 Rg6 28. Re1 Qg8 29. e7 Re8 30. Rbe4 Qxa2 31. h4 Qxc2 32. h5 Rh6 33. Qg4 Qc5 34. Kg1 Qxh5 35. Qxh5 Rxh5 36. Rc4 Rc5 37. Ra4 Re5 38. Rxe5 fxe5 39. Rxa6 Rxe7 40. Kf1 d5 41. Ke2 c5 42. Rc6 c4 43.
Rc5 Rd7 44. Ke3 Kg7 45. Rc6 d4+ 46. Ke2 c3 47. Kd3 h5 48. f3 Rb7 49. Re6 Rb2 50.
Rxe5 Rd2+ 51. Ke4 c2 52. Rc5 d3 53. Ke3 Rd1 54. g4 c1=Q+ 55. Rxc1 Rxc1 56. gxh5 Rd1 57. f4 Kh6 58. f5 Kxh5 59. f6 0-1